 Dungeon Crawl Stone Soup version 0.25-a0-38-g099c3e1 (webtiles) character file.

Game seed: 17602671297550090265, levelgen mode: deterministic

78 BoppinsLewinski the Covered (level 4, -15/37 HPs)
             Began as a Barachi Fighter on Oct 20, 2019.
             Splashed by Ijyb's acid (18 damage)
             ... on level 2 of the Dungeon.
             The game lasted 00:03:10 (1702 turns).

BoppinsLewinski the Covered (Barachi Fighter)       Turns: 1702, Time: 00:03:11

Health: -15/37     AC:  3    Str: 18    XL:     4   Next: 36%
Magic:  4/4        EV:  5    Int:  9    God:
Gold:   156        SH:  9    Dex: 11    Spells: 3/3 levels left

rFire    . . .     SeeInvis .   a - +0 long sword
rCold    . . .     Gourm    .   c - +0 shield
rNeg     . . .     Faith    .   k - +0 chain mail (curse)
rPois    .         Spirit   .   i - +0 helmet
rElec    .         Reflect  .   (no cloak)
rCorr    .         Harm     .   b - +0 pair of gloves
MR       .....                  (no boots)
Stlth    ..........             (no amulet)
HPRegen  0.12/turn              (no ring)
MPRegen  0.09/turn              (no ring)

@: corroded, slow
A: +LOS, swims, slowness 1, strong legs 1
a: Hop


You were on level 2 of the Dungeon.
You were very hungry.

You visited 1 branch of the dungeon, and saw 3 of its levels.

You collected 156 gold pieces.

Inventory:

Hand Weapons
 a - a +0 long sword (weapon)
Armour
 b - a +0 pair of gloves (worn)
 c - a +0 shield (worn)
 i - a +0 helmet (worn)
 k - a cursed +0 chain mail (worn)
Scrolls
 e - a scroll of identify {unknown}
 g - a scroll of enchant armour {unknown}
 h - a scroll of fog {unknown}
 m - a scroll of immolation {unknown}
 n - a scroll of amnesia {unknown}
Potions
 d - 3 potions of curing {unknown}
 j - a potion of heal wounds {unknown}
 o - a potion of cancellation {unknown}
Comestibles
 f - 4 rations


   Skills:
 + Level 4.2 Fighting
 * Level 3.9 Long Blades
 + Level 4.2 Armour
 + Level 0.0 Dodging
 - Level 3.8 Shields


You had 3 spell levels left.
You didn't know any spells.
Your spell library was empty.

Dungeon Overview and Level Annotations

Branches:
Dungeon (3/15)

Altars:

Annotations:
D:2 Ijyb


Innate Abilities, Weirdness & Mutations

Shadows flee at your approach. (+LOS)
You can swim through water.
You cover ground slowly.
You can hop short distances.


Message History

Tha jackal be severely wounded.
Ye block tha jackal's attack.
Tha jackal bites ye but does nay damage.
Ye barely miss tha jackal.
Tha jackal be severely wounded.
Tha jackal bites ye but does nay damage. x2
Yer shield prevents ye from hittin' tha jackal.
Tha jackal be severely wounded.
Tha jackal bites ye but does nay damage.
Ye slash tha jackal!
Ye kill tha jackal!
Ye barely miss Ijyb.
Ijyb be lightly wounded.
Ijyb hits ye but does nay damage.
Ye closely miss Ijyb.
Ijyb be lightly wounded.
Ijyb hits ye wit' a +0 dagger.
Ijyb zaps a wand.
Tha bolt o' acid hits ye!
* * * LOW HITPOINT WARNIN'
* * * Tha acid corrodes ye!
Ye be splashed wit' acid!!
Ye die...

####.# #.# #...# #. #....## ##^#
#...# #. # #.##..###.## ###...###
#. # #.##......# #.......# #.
####.####.##.# ####.#...#.# ###.
##.....##.##.###.##.#.#.#.####.#.
##...........##...)..###......#..
.......#########.##)###.#.#......
##.....# #@##..###..#.##.#.
##.....# ###g##...#.....##.#.
######## #<)†#####.#.##.##...
#...# ##.#.##.###..
#..>####....##.###>#
##.###.......#...... #######.#
#.......#.###.# #.......#
#.........# #.# #.#####.#
#.......#####.#


You could see Ijyb.

Vanquished Creatures
  3 gnolls (D:2)
  An adder (D:2)
  A worm (D:2)
  A dart slug (D:2)
  2 leopard geckos (D:1)
  A ball python (D:2)
  2 giant cockroaches
  6 goblins
  4 hobgoblins
  3 jackals
  2 bats (D:1)
  2 frilled lizards
  3 kobolds
  3 rats
34 creatures vanquished.

Vanquished Creatures (others)
  A jackal (D:2)
1 creature vanquished.

Grand Total: 35 creatures vanquished

Notes
Turn   | Place    | Note
-------+----------+-------------------------------------------
     0 | D:1      | BoppinsLewinski the Barachi Fighter began the quest for the
                  | Orb.
     0 | D:1      | Reached XP level 1. HP: 18/18 MP: 1/1
   125 | D:1      | Reached XP level 2. HP: 24/25 MP: 2/2
   803 | D:2      | Reached XP level 3. HP: 30/30 MP: 3/3
  1241 | D:2      | Reached XP level 4. HP: 36/37 MP: 4/4
  1686 | D:3      | Noticed Ijyb
  1702 | D:2      | Splashed by Ijyb's acid

Levels and vault maps discovered:
D:1:      minmay_arrival_glassed_features, layout_basic, minmay_misc_feat_rows
D:2:      layout_loops_cross, hangedman_decor_clover_reticule
D:3:      layout_basic, uniq_ijyb, uniq_purgy, uniq_robin, uniq_sigmund

Skill      XL: |  1  2 |
---------------+-------+-----
Long Blades    | 3 |  3.9
Fighting       | 4 |  4.2
Armour         | 4 |  4.2
Shields        | |  3.8

Action                   |  1- 3 |  4- 6 || total
-------------------------+-------+-------++-------
Melee: Long sword        |    84 |    24 ||   108
  Use: Potion            |     1 |       ||     1
  Eat: Chunk             |     2 |       ||     2
Armor: Scale mail        |    23 |       ||    23
       Chain mail        |    20 |    19 ||    39
Dodge: Dodged            |    23 |     5 ||    28
Block: Shield            |    38 |    12 ||    50
       Rpst.: Long sword |     8 |     4 ||    12

Table legend:
 A = Non-vault XP
 B = Vault XP
 C = Vault XP percentage of total XP
 D = Non-vault monster count
 E = Vault monster count
 F = Vault count percentage of total count
                 A         B        C        D         E       F
            +---------+---------+-------+---------+---------+-------
      Total |     112 |       0 |   0.0 |      34 |       0 |   0.0
            +---------+---------+-------+---------+---------+-------
        D:1 |      30 |       0 |   0.0 |      17 |       0 |   0.0
        D:2 |      80 |       0 |   0.0 |      16 |       0 |   0.0
        D:3 |       2 |       0 |   0.0 |       1 |       0 |   0.0
            +---------+---------+-------+---------+---------+-------
